 Dungeon Crawl Stone Soup version 0.21.1-1-g345015fe64 (webtiles) character file.

16114 Revguard the Basher (level 12, 0/97 HPs)
             Began as a Demonspawn Gladiator on June 3, 2018.
             Was an Elder of Kikubaaqudgha.
             Killed from afar by a naga (3 damage)
             ... with a splash of poison
             ... on level 1 of the Snake Pit.
             The game lasted 01:45:30 (13547 turns).

Revguard the Basher (Demonspawn Gladiator)         Turns: 13547, Time: 01:45:30

Health: 0/97       AC: 23    Str: 17    XL:     12   Next: 7%
Magic:  0/31       EV:  5    Int: 16    God:    Kikubaaqudgha [****..]
Gold:   580        SH:  0    Dex: 16    Spells: 4/24 levels left

rFire    + . .     SeeInvis .   s - +6 flail (venom)
rCold    + + .     Gourm    .   (no shield)
rNeg     . . .     Faith    +   K - +0 plate armour
rPois    .         Spirit   +   u - +2 hat
rElec    .         Reflect  .   g - scarf {rC+ rF+}
rCorr    .         Harm     .   a - +0 pair of gloves
MR       .....                  m - +1 pair of boots
Stlth    ..........             B - amulet of faith
HPRegen  0.26/turn              J - +2 ring of slaying
MPRegen  0.44/turn              l - ring of magical power

@: brilliant, lethally poisoned (0 -> -2), constricted
A: antennae 1, fangs 1, icy blue scales 3, blurry vision 1, robust 1, screaming
1, magic shield, magic regeneration
a: Receive Corpses, Renounce Religion


You were on level 1 of the Snake Pit.
You worshipped Kikubaaqudgha.
Kikubaaqudgha was greatly pleased with you.
You were not hungry.

You visited 4 branches of the dungeon, and saw 13 of its levels.

You collected 580 gold pieces.

Inventory:

Hand Weapons
 s - a +6 flail of venom (weapon)
 y - a +0 battleaxe
Armour
 a - a +0 pair of gloves (worn)
 g - a scarf of resistance (worn)
 m - a +1 pair of boots (worn)
 u - a +2 hat (worn)
 K - a +0 plate armour (worn)
Jewellery
 c - an uncursed ring of protection from fire
 l - a ring of magical power (right hand)
 w - an uncursed ring of see invisible
 x - an uncursed ring of resist corrosion
 B - an amulet of faith (around neck)
 J - a +2 ring of slaying (left hand)
 L - a +2 ring of dexterity
Wands
 h - a wand of paralysis (29)
 t - a wand of flame (20)
 v - a wand of polymorph (8)
 F - a wand of digging (20)
Scrolls
 k - 3 scrolls of teleportation
 n - 2 scrolls of fog
 q - a scroll of noise
 G - a scroll of remove curse
Potions
 d - 2 potions of agility
 e - 2 potions of brilliance
 i - a potion of cancellation
 j - 4 potions of flight
 r - a potion of berserk rage
 z - a potion of ambrosia {unknown}
 A - a potion of haste
 D - 2 potions of might
 N - a potion of invisibility {unknown}
Books
 p - Kikubaaqudgha's Collected Works on Sinister Arts
   (Kikubaaqudgha gifted it to you on level 9 of the Dungeon)

   Spells                             Type                      Level
   a - Animate Dead                   Necromancy                   4
   b - Borgnjor's Vile Clutch         Necromancy/Earth             5
   c - Agony                          Necromancy                   5
   d - Dispel Undead                  Necromancy                   5
   e - Simulacrum                     Ice/Necromancy               6
 C - Kikubaaqudgha's Volume of Evil Rituals
   (Kikubaaqudgha gifted it to you on level 5 of the Dungeon)

   Spells                             Type                      Level
   a - Animate Skeleton               Necromancy                   1
   b - Pain                           Necromancy                   1
   c - Sublimation of Blood           Necromancy                   2
   d - Vampiric Draining              Necromancy                   3
Miscellaneous
 I - a phantom mirror
Comestibles
 f - 7 rations


   Skills:
 - Level 6.4 Fighting
 + Level 11.1 Maces & Flails
 - Level 1.8 Throwing
 - Level 7.9 Armour
 - Level 5.3 Dodging
 * Level 6.8 Spellcasting
 * Level 6.2 Necromancy
 * Level 3.0 Ice Magic
 * Level 3.6 Evocations


You had 4 spell levels left.
You knew the following spells:

 Your Spells              Type           Power        Failure   Level  Hunger
a - Vampiric Draining     Necr           ####......   11%         3    ##.....
b - Pain                  Necr           ####         3%          1    None
c - Animate Skeleton      Necr           N/A          3%          1    None
d - Animate Dead          Necr           N/A          30%         4    ####...
e - Agony                 Necr           ####....     58%         5    #####..
f - Simulacrum            Ice/Necr       ####......   99%         6    #######


Dungeon Overview and Level Annotations

Branches:
Dungeon (9/15)             Temple (1/1) D:6            Lair (2/6) D:9
  Snake (1/4) Lair:2
  Swamp: Lair:2-4    Shoals: Lair:2-4       Orc: D:9-12

Altars:
Ashenzari
Dithmenos
Elyvilon
Fedhas
Gozag
Hepliaklqana
Kikubaaqudgha
Makhleb
Nemelex Xobeh
Okawaru
Qazlal
Ru
Sif Muna
Trog
Uskayaw
Vehumet
Wu Jian
Xom
Yredelemnul
Zin
The Shining One

Shops:
D:5 (   D:8 =


Innate Abilities, Weirdness & Mutations

You have a pair of small antennae on your head.
You are completely covered in icy blue scales. (AC +4, rC+)
When hurt, damage is shared between your health and your magic reserves.
You regenerate magic rapidly.
You have very sharp teeth.
Scrolls take you a little longer to read.
You are robust. (+10% HP)
You occasionally shout uncontrollably at your foes.


Message History

You feel sick.
Okay, then.
It was a potion of brilliance.
You feel clever all of a sudden.
* * * LOW HITPOINT WARNING * * *
You feel sick.
The naga warrior hits you with a dire flail!
* * * LOW HITPOINT WARNING * * *
The naga warrior grabs you. The naga warrior constricts you.
You feel better. The naga barely misses you.
The naga warrior spits poison at you. The splash of poison misses you.
* * * LOW HITPOINT WARNING * * *
The naga warrior constricts you.
The naga warrior's grasp on you weakens, but your attempt to escape fails.
The naga spits poison at you. The splash of poison hits you!
You are poisoned.
You die...
Kikubaaqudgha rasps: "You have failed me!
Welcome... death!"

#...... ###.......
##..$....###.........
##.........##.........
#.....................
.#.....................
.......................
............N..........
...........@N.....#
..................#
........###.......#
........# ##.....##
.......)# ##.....#
........###......#
.................#
.................#
..................#


You could see a naga warrior and a naga.

Vanquished Creatures
  A hydra (Lair:1)
  5 death yaks (D:9)
  2 two-headed ogres (D:9)
  A mana viper (Snake:1)
  An ugly thing (D:8)
  A black mamba (Lair:1)
  2 naga magi (Snake:1)
  3 spiny frogs
  2 hippogriffs
  9 yaks
  2 basilisks
  A naga (Lair:2)
  Edmund (D:4)
  4 porcupines
  5 water moccasins
  2 sky beasts
  4 ice beasts
  A necrophage (D:9)
  3 orc warriors (D:9)
  7 ogres
  3 wolves (Lair:2)
  3 centaurs
  4 crocodiles
  6 bullfrogs
  2 scorpions
  5 wights (D:6)
  2 vampire bats (D:3)
  3 crimson imps
  A bullfrog zombie (D:8)
  6 hounds
  5 orc priests
  2 jellies
  4 iguanas
  11 orc wizards
  5 worker ants
  2 hound skeletons
  3 worker ant zombies
  6 gnolls
  10 adders
  3 shadow imps
  3 oozes
  6 worms
  4 adder skeletons
  3 leopard geckos
  33 orcs
  2 ball pythons (D:1)
  9 bats
  3 bat skeletons (D:3)
  4 bat zombies (D:3)
  4 giant cockroaches
  7 goblins
  9 hobgoblins
  19 jackals
  4 quokkas
  8 frilled lizards
  A jackal skeleton (D:5)
  10 kobolds
  2 leopard gecko skeletons
  16 rats
  A spectral orc (D:3)
  A fungus (Lair:1)
292 creatures vanquished.

Vanquished Creatures (collateral kills)
  A spiny frog (Lair:1)
  7 yaks
  A basilisk (Lair:2)
  4 wolves (Lair:2)
  A crocodile (Lair:1)
  A leopard gecko (D:6)
  2 fungi (Lair:2)
17 creatures vanquished.

Vanquished Creatures (others)
  A jelly (D:9)
  An orc wizard (D:8)
  A fungus (Lair:1)
  A plant (Lair:2)
4 creatures vanquished.

Grand Total: 313 creatures vanquished

Notes
Turn   | Place    | Note
-------+----------+-------------------------------------------
     0 | D:1      | Revguard the Demonspawn Gladiator began the quest for the Orb.
     0 | D:1      | Reached XP level 1. HP: 16/16 MP: 1/1
    82 | D:1      | Reached skill level 3 in Maces & Flails
    82 | D:1      | Gained mutation: You are partially covered in icy blue scales. (AC +2) [demonic ancestry]
    82 | D:1      | Reached XP level 2. HP: 10/22 MP: 2/2
   605 | D:1      | Reached XP level 3. HP: 18/27 MP: 3/3
  1385 | D:2      | Reached skill level 1 in Armour
  1672 | D:2      | Reached XP level 4. HP: 21/34 MP: 4/4
  2183 | D:2      | Noticed a moth of wrath
  2187 | D:2      | Found a bloodstained altar of Trog.
  2584 | D:3      | Reached skill level 4 in Maces & Flails
  2584 | D:3      | Reached XP level 5. HP: 5/39 MP: 5/5
  3080 | D:3      | Found a basalt altar of Yredelemnul.
  3243 | D:3      | Found an ancient bone altar of Kikubaaqudgha.
  3312 | D:3      | Became a worshipper of Kikubaaqudgha
  3521 | D:3      | Gained mutation: You are mostly covered in icy blue scales. (AC +3) [demonic ancestry]
  3521 | D:3      | Reached XP level 6. HP: 45/46 MP: 6/6
  3999 | D:4      | Found an iron altar of Okawaru.
  4028 | D:4      | Gained mutation: You have very sharp teeth. [potion of mutation]
  4028 | D:4      | Gained mutation: Scrolls take you a little longer to read. [potion of mutation]
  4028 | D:4      | Gained mutation: You are robust. (+10% HP) [potion of mutation]
  4157 | D:4      | Reached skill level 5 in Maces & Flails
  4206 | D:4      | Noticed Edmund
  4234 | D:4      | Killed Edmund
  4234 | D:4      | Reached XP level 7. HP: 25/57 MP: 7/7
  5568 | D:5      | Entered Level 5 of the Dungeon
  5713 | D:5      | Found Juim's Antique Weapon Boutique.
  5744 | D:5      | Reached skill level 6 in Maces & Flails
  5815 | D:5      | Found a hide-covered altar of Uskayaw.
  6101 | D:5      | Gained mutation: You have a pair of small antennae on your head. [demonic ancestry]
  6101 | D:5      | Reached XP level 8. HP: 47/66 MP: 8/8
  6306 | D:5      | Reached * piety under Kikubaaqudgha
  6306 | D:5      | Identified Kikubaaqudgha's Volume of Evil Rituals (Kikubaaqudgha gifted it to you on level 5 of the Dungeon)
  6306 | D:5      | Received a gift from Kikubaaqudgha
  6317 | D:5      | Learned a level 3 spell: Vampiric Draining
  6319 | D:5      | Learned a level 1 spell: Pain
  6337 | D:5      | Reached skill level 1 in Necromancy
  6348 | D:5      | Found a shadowy altar of Dithmenos.
  6348 | D:5      | Found an ornate altar of the Wu Jian Council.
  6451 | D:5      | Found a hazy altar of Hepliaklqana.
  6675 | D:6      | Learned a level 1 spell: Animate Skeleton
  6880 | D:6      | Reached skill level 7 in Maces & Flails
  6902 | D:6      | Reached skill level 5 in Fighting
  7091 | D:6      | Reached skill level 5 in Armour
  7109 | D:6      | Found a staircase to the Ecumenical Temple.
  7134 | Temple   | Entered the Ecumenical Temple
  7454 | D:6      | Gained mutation: When hurt, damage is shared between your health and your magic reserves. [demonic ancestry]
  7454 | D:6      | Reached XP level 9. HP: 64/74 MP: 9/9
  7639 | D:7      | Reached ** piety under Kikubaaqudgha
  7733 | D:8      | Reached skill level 8 in Maces & Flails
  7814 | D:8      | Reached skill level 1 in Spellcasting
  7914 | D:8      | Noticed a red ugly thing
  7941 | D:8      | Killed a red ugly thing
  8271 | D:8      | Found a deep blue altar of Sif Muna.
  8441 | D:8      | Found Ahouv's Jewellery Shop.
  8758 | D:9      | Noticed a two-headed ogre
  8773 | D:9      | Killed a two-headed ogre
  8773 | D:9      | Gained mutation: You regenerate magic rapidly. [demonic ancestry]
  8773 | D:9      | Reached XP level 10. HP: 43/84 MP: 10/15
  8799 | D:9      | Noticed a death yak
  8820 | D:9      | Noticed a two-headed ogre
  8865 | D:9      | Killed a death yak
  8872 | D:9      | HP: 4/84 [orc warrior/war axe (12)]
  8876 | D:9      | Found a stormy altar of Qazlal.
  9139 | D:9      | Noticed a death yak
  9141 | D:9      | Noticed a death yak
  9147 | D:9      | Noticed a death yak
  9148 | D:9      | Noticed a death yak
  9149 | D:9      | Killed a death yak
  9157 | D:9      | Killed a death yak
  9157 | D:9      | Reached skill level 9 in Maces & Flails
  9166 | D:9      | Killed a death yak
  9166 | D:9      | Reached skill level 5 in Dodging
  9172 | D:9      | Killed a death yak
  9172 | D:9      | Reached skill level 5 in Spellcasting
  9357 | D:9      | Killed a two-headed ogre
  9357 | D:9      | Reached XP level 11. HP: 54/91 MP: 18/18
  9387 | D:9      | Reached *** piety under Kikubaaqudgha
  9387 | D:9      | Identified Kikubaaqudgha's Collected Works on Sinister Arts (Kikubaaqudgha gifted it to you on level 9 of the Dungeon)
  9387 | D:9      | Received a gift from Kikubaaqudgha
  9422 | D:9      | Learned a level 4 spell: Animate Dead
  9428 | D:9      | Learned a level 5 spell: Agony
  9437 | D:9      | Learned a level 6 spell: Simulacrum
  9510 | D:9      | Identified a scroll of acquirement
  9882 | D:9      | Reached skill level 10 in Maces & Flails
  9885 | D:9      | Reached skill level 1 in Evocations
  9997 | D:9      | Found a glowing golden altar of the Shining One.
 10060 | D:9      | Found a staircase to the Lair.
 10274 | Lair:1   | Entered Level 1 of the Lair of Beasts
 10746 | Lair:1   | Noticed a seven-headed hydra
 10783 | Lair:1   | Reached skill level 1 in Ice Magic
 10794 | Lair:1   | Killed a seven-headed hydra
 11309 | Lair:2   | Found a staircase to the Snake Pit.
 11319 | Lair:2   | Reached skill level 5 in Necromancy
 11326 | Lair:2   | Reached **** piety under Kikubaaqudgha
 11410 | Snake:1  | Entered Level 1 of the Snake Pit
 11490 | Lair:2   | Gained mutation: You occasionally shout uncontrollably at your foes. [mutagenic glow]
 12069 | Lair:2   | Reached skill level 11 in Maces & Flails
 13252 | Snake:1  | Noticed a mana viper
 13267 | Snake:1  | Killed a mana viper
 13267 | Snake:1  | Gained mutation: You are completely covered in icy blue scales. (AC +4, rC+) [demonic ancestry]
 13267 | Snake:1  | Reached XP level 12. HP: 91/97 MP: 18/22
 13499 | Snake:1  | Noticed a naga warrior
 13545 | Snake:1  | HP: 1/97 [naga warrior/dire flail (4)]
 13547 | Snake:1  | Killed from afar by a naga

Skill      XL: |  1  2  3  4  5  6  7  8  9 10 11 12 |
---------------+-------------------------------------+-----
Maces & Flails | 3 4 5 6 7 8 9 11 | 11.1
Dodging        | 3 4 5 |  5.3
Armour         | 1 2 3 4 5 6 7 |  7.9
Fighting       | 3 4 5 6 |  6.4
Necromancy     | 3 4 6 |  6.2
Spellcasting   | 3 5 6 |  6.8
Evocations     | 3 |  3.6
Ice Magic      | 2 3 |  3.0
Throwing       | |  1.8

Action                   |  1- 3 |  4- 6 |  7- 9 | 10-12 || total
-------------------------+-------+-------+-------+-------++-------
Melee: Flail             |   150 |   318 |   394 |   398 ||  1260
       Bite              |       |     5 |    54 |    50 ||   109
 Cast: Animate Skeleton  |       |       |     1 |     8 ||     9
       Pain              |       |       |       |     2 ||     2
Evoke: Wand              |       |       |     2 |     6 ||     8
  Use: Scroll            |     1 |     7 |    11 |     8 ||    27
       Potion            |       |     4 |     3 |    13 ||    20
 Stab: Paralysed         |       |       |       |     3 ||     3
       Distracted        |       |       |       |     1 ||     1
  Eat: Chunk             |     2 |       |     1 |     4 ||     7
       Ration            |       |     3 |     5 |     3 ||    11
Armor: Leather armour    |     7 |       |       |       ||     7
       Chain mail        |   140 |   304 |   248 |    44 ||   736
       Skin              |       |       |       |     8 ||     8
       Plate armour      |       |       |       |   253 ||   253
Dodge: Dodged            |   102 |   172 |   193 |   169 ||   636
